 Dungeon Crawl Stone Soup version 0.29-a0-284-gf9362112df (webtiles) character file.

Game seed: 9865918532213992246

432 oldriver the Shooter (level 7, -2/63 HPs)
             Began as a Naga Hunter on Mar 18, 2022.
             Slain by a gnoll
             ... wielding a +0 halberd
              (7 damage)
             ... on level 5 of the Dungeon.
             The game lasted 00:05:15 (4401 turns).

oldriver the Shooter (Naga Hunter)                  Turns: 4401, Time: 00:05:16

Health: -2/63      AC:  1    Str: 10    XL:     7   Next: 0%
Magic:  7/7        EV: 10    Int:  9    God:
Gold:   229        SH:  0    Dex: 17    Spells: 6/6 levels left

rFire   + . .      SeeInvis +   a - +1 shortbow
rCold   . . .      Faith    .   (shield currently unavailable)
rNeg    . . .      Spirit   .   l - +2 leather armour of Jewaa {rPois rF+ Str-3 SInv}
rPois   +          Reflect  .   (no helmet)
rElec   .          Harm     .   (no cloak)
rCorr   .          Rampage  .   (no gloves)
Will    .....                   (no barding)
Stlth   +++.......              (no amulet)
HPRegen 0.20/turn               (no ring)
MPRegen 0.10/turn               (no ring)

@: mighty, short of breath, corroded, very slow
A: AC +2, large, see invisible, deformed body, poison resistance, slowness 2,
spit poison 1, naga tail 1
a: Spit Poison


You were on level 5 of the Dungeon.
You visited 1 branch of the dungeon, and saw 5 of its levels.

You collected 229 gold pieces.

Inventory:

Hand Weapons
 a - a +1 shortbow (weapon)
 n - a +2 short sword of electrocution
Missiles
 b - 5 atropa-tipped darts
 o - 9 poisoned darts
Armour
 l - the +2 leather armour of Jewaa (worn) {rPois rF+ Str-3 SInv}
   (You found it on level 2 of the Dungeon)

   Str:       It affects your strength (-3).
   rF:        It protects you from fire.
   rPois:     It protects you from poison.
   SInv:      It lets you see invisible.
Wands
 u - a wand of mindburst (7)
Scrolls
 c - a scroll of immolation
 g - 6 scrolls of identify {unknown}
 j - a scroll of teleportation {unknown}
 m - 3 scrolls of holy word {unknown}
 p - 2 scrolls of blinking {unknown}
 q - 2 scrolls of fear {unknown}
 r - a scroll of summoning {unknown}
 v - a scroll of amnesia {unknown}
Potions
 d - 3 potions of heal wounds {unknown}
 e - a potion of haste {unknown}
 f - 4 potions of lignification {unknown}
 h - 2 potions of curing {unknown}
 i - a potion of degeneration {unknown}
 k - a potion of ambrosia {unknown}
 t - 2 potions of attraction {unknown}


   Skills:
 + Level 3.8 Fighting
 * Level 5.6 Bows
 + Level 2.1 Dodging
 + Level 5.3 Stealth


You had 6 spell levels left.
You didn't know any spells.
Your spell library was empty.

Dungeon Overview and Level Annotations

Branches:
Dungeon (5/15)
 Temple: D:4-7

Altars:
Makhleb
Sif Muna
Trog

Shops:
D:2 ?   D:3 =   D:4 *


Innate Abilities, Weirdness & Mutations

Your serpentine skin is tough. (AC +2)
You have supernaturally acute eyesight. (SInv)
Armour fits poorly on your strangely shaped body.
Your system is resistant to poisons. (rPois)
You cover ground very slowly.
You can spit poison.
You have a snake-like lower body.


Message History

The gnoll hits you but does no damage. The jelly barely misses you.
The gnoll misses you. The gnoll closely misses you.
Aiming: Spit Poison (1% risk of failure)
Press: ? - help, Q - select action, (/) - cycle Shift-Dir - straight line, f - jelly
Aim: a jelly (100% to hit)
The splash of poison hits the jelly.
The jelly is lightly wounded.
The gnoll hits you with a +0 club.
The gnoll hits you from afar with a +0 halberd!
The jelly hits you but does no damage.
You shoot an arrow. The arrow closely misses the gnoll.
The gnoll barely misses you. x2; The jelly hits you but does no damage.
You shoot an arrow. The arrow hits the gnoll!
You kill the gnoll!
The gnoll hits you from afar with a +0 halberd!
The jelly hits you. The acid corrodes you!
You are splashed with acid.
You have reached level 7!
Shoot: a) +1 shortbow
Press: ? - help, Shift-Dir - straight line, f - jelly
Aim: a jelly (lightly wounded, 90% to hit)
You shoot an arrow.
The arrow hits the jelly but does no damage.
The jelly is lightly wounded.
You have got your breath back.
The gnoll hits you from afar with a +0 halberd!
* * * LOW HITPOINT WARNING * * *
The jelly barely misses you.
Aiming: Spit Poison (1% risk of failure)
Press: ? - help, Q - select action, (/) - cycle Shift-Dir - straight line, f/p - jelly
Aim: a jelly (lightly wounded, 100% to hit)
The splash of poison hits the jelly.
The jelly is moderately wounded.
The jelly closely misses you.
The gnoll hits you from afar with a +0 halberd.
* * * LOW HITPOINT WARNING * * *
It was a potion of might.
You feel very mighty all of a sudden. The jelly barely misses you.
The gnoll hits you from afar with a +0 halberd!
You die...

#.... ##..#.#
.......##########
................#
................#
...............>#
......J)........######
.....g.@.............#
.......).............#
...########[.........#
# #..........#
#..........#
#........<.#
#..........#
#..........#
############


You could see a jelly and a gnoll.

Vanquished Creatures
  An ogre (D:3)
  2 orc priests
  A hound (D:5)
  Jessica (D:3)
  2 orc wizards (D:4)
  3 gnolls (D:5)
  5 adders
  An ufetubus (D:4)
  A worm (D:2)
  A dart slug (D:2)
  14 orcs
  3 bats
  2 endoplasms (D:4)
  4 giant cockroaches
  6 goblins
  5 hobgoblins
  5 jackals (D:1)
  9 kobolds
  4 quokkas
  6 ball pythons
  12 frilled lizards
  5 rats
93 creatures vanquished.

Vanquished Creatures (others)
  6 plants (D:2)
6 creatures vanquished.

Grand Total: 99 creatures vanquished

Notes
Turn   | Place    | Note
-------+----------+-------------------------------------------
     0 | D:1      | oldriver the Naga Hunter began the quest for the Orb.
     0 | D:1      | Reached XP level 1. HP: 19/19 MP: 1/1
   180 | D:1      | Reached XP level 2. HP: 17/26 MP: 2/2
   998 | D:1      | Reached XP level 3. HP: 33/33 MP: 3/3
  1117 | D:2      | Found Qeisaj's Magic Scroll Emporium.
  1490 | D:2      | Identified the +2 leather armour of Jewaa {rPois rF+ Str-3
                  | SInv}
  1497 | D:2      | Reached XP level 4. HP: 40/40 MP: 4/4
  2166 | D:3      | Noticed a floating eye
  2168 | D:3      | Found a faded altar of an unknown god.
  2398 | D:3      | Noticed an ogre
  2411 | D:3      | Killed an ogre
  2412 | D:3      | Reached skill level 5 in Bows
  2412 | D:3      | Reached XP level 5. HP: 25/49 MP: 5/5
  2681 | D:3      | Noticed an eye of devastation
  2691 | D:3      | Noticed a floating eye
  2704 | D:3      | Noticed a golden eye
  2802 | D:3      | Found a burning altar of Makhleb.
  3039 | D:3      | Reached XP level 6. HP: 41/56 MP: 6/6
  3173 | D:3      | Noticed Jessica
  3175 | D:3      | Killed Jessica
  3181 | D:3      | Found a shimmering blue altar of Sif Muna.
  3365 | D:3      | Found Sout's Jewellery Shoppe.
  3579 | D:4      | Reached skill level 5 in Stealth
  4047 | D:4      | Found a bloodstained altar of Trog.
  4096 | D:4      | Found Joibyeh's Fire Supplies.
  4293 | D:5      | Entered Level 5 of the Dungeon
  4399 | D:5      | Reached XP level 7. HP: 24/63 MP: 7/7
  4401 | D:5      | Slain by a gnoll

Illustrated notes

Levels and vault maps discovered:
D:1:      wheals_arrival_shading, layout_basic
D:2:      layout_loops_corners, serial_shops, shop, minmay_lizard_king,
          uniq_crazy_yiuf_cottage
D:3:      layout_loops_ring, tgw_sif, lightli_temple_of_fire, serial_shops,
          shop, hellmonk_ecumenical_altar_watching_god, roderic_lattice_a,
          chequers_avenue
D:4:      layout_loops_ring, lemuel_coloured_pillars_altar,
          nicolae_shop_fire_sale [nicolae_sub_dead_trees]
D:5:      cheibrodos_helix_gallery, layout_basic,
          regret_index_temple_of_mockery, minmay_temple_entry_stoned_glass,
          uniq_eustachio, uniq_ijyb

Skill      XL: |  1  2  3  4  5  6 |
---------------+-------------------+-----
Stealth        | 2 3 4 5 |  5.3
Bows           | 4 5 |  5.6
Fighting       | 3 |  3.8
Dodging        | 2 |  2.1

Action                   |  1- 3 |  4- 6 |  7- 9 || total
-------------------------+-------+-------+-------++-------
 Fire: Shortbow          |    78 |   139 |     1 ||   218
 Abil: Spit Poison       |    11 |    22 |     1 ||    34
  Use: Potion            |       |       |     1 ||     1
Armor: Leather armour    |     4 |    29 |       ||    33
Dodge: Dodged            |    18 |    49 |     3 ||    70

Table legend: (Time is in decaauts)
 A = Elapsed time spent in this place.
 B = Non-inter-level travel time spent in this place.
 C = Inter-level travel time spent in this place.
 D = Time resting spent in this place.
 E = Time spent auto-exploring this place.
 F = Levels seen in this place.
 G = Mean time per level.
                   A        B        C        D        E       F      G
               +--------+--------+--------+--------+--------+-----+--------+
         Total |   5653 |   5360 |    293 |    532 |   4248 |   5 | 1130.6 |
       Dungeon |   5653 |   5360 |    293 |    532 |   4248 |   5 | 1130.6 |
               +--------+--------+--------+--------+--------+-----+--------+

Top non-repeatable levels by time:
     D:3: 1566 daAuts
     D:2: 1415 daAuts
     D:1: 1388 daAuts
     D:4: 1167 daAuts
     D:5: 116 daAuts
